AoeStats
← S-Tier Willy

Nomad

509160873Analyzed
4v4 RM · 5d ago on Sep 25, 2026· 35m 9s· 8 players
Game mode
Random Map
Map size
231×231
Population
200
Speed
Normal
Resources
Standard
Victory
Conquest
Starting age
Dark Age
Ending age
Imperial Age
RankedLock teamsTeams togetherTeam positionsShared explorationLock speedFull tech treeHidden civsTurbo modeCheats
Victory
Defeat
🇨🇦 Dravidians · Canada
1905
+7
🇨🇦 Italians · Canada
1878
+8
🇦🇷 Romans · Argentina
1872
+8
🇩🇪 Shu · Germany
1825
+10
🇨🇳 Cumans · China
1802
-11
🇬🇧 Burmese · United Kingdom
1744
-10
🇪🇸 Japanese · Spain
1635
-7
🇦🇷 Koreans · Argentina
1572
-5
Wolf Knight
4:57 Loom
15:39 Feudal Age
19:12 Castle Age
25:46 Fishing Lines
26:20 Scale Mail Armor
Kant be real
4:57 Loom
12:33 Feudal Age
14:03 Town Watch
15:00 Fletching
23:59 Castle Age
26:32 Bodkin Arrow
33:37 Double-Bit Axe
34:54 Stone Mining
34:47 Horse Collar
35:20 Bow Saw
团团团子
13:20 Feudal Age
13:52 Double-Bit Axe
16:44 Wheelbarrow
16:33 Loom
17:59 Forging
33:15 Fishing Lines
Torpedo
13:17 Feudal Age
14:30 Loom
17:35 Castle Age
15:50 Stone Mining
16:17 Gold Mining
16:28 Padded Archer Armor
16:19 Fletching
17:01 Horse Collar
18:33 Fishing Lines
20:16 Town Watch
24:40 Heavy Plow
26:17 Wheelbarrow
28:27 Bodkin Arrow
30:11 Fervor
35:40 Imperial Age
34:03 Hand Cart
34:58 Gold Shaft Mining
TuTas
8:40 Loom
12:11 Feudal Age
12:39 Double-Bit Axe
15:00 Fletching
19:31 Castle Age
18:10 Gold Mining
18:23 Padded Archer Armor
19:36 Crossbowman
20:12 Bodkin Arrow
20:32 Bow Saw
28:29 Fishing Lines
30:28 Elite Skirmisher
31:42 Leather Archer Armor
36:05 Wheelbarrow
Brunker
5:16 Loom
12:40 Feudal Age
13:21 Town Watch
16:37 Castle Age
14:57 Fishing Lines
15:10 Double-Bit Axe
18:18 Bow Saw
18:00 Gillnets
18:13 Fletching
23:46 Imperial Age
22:27 Bodkin Arrow
24:47 Gold Mining
25:37 Bracer
26:20 Padded Archer Armor
30:34 Two-Man Saw
30:55 Ballistics
31:42 Two-Man Saw
34:39 Chemistry
35:20 Leather Archer Armor
S-Tier Willy
6:56 Loom
7:58 Loom
12:24 Feudal Age
12:52 Town Watch
18:31 Forging
20:01 Fletching
28:01 Castle Age
29:23 Bodkin Arrow
30:20 Double-Bit Axe
31:14 Fishing Lines
33:01 Bow Saw
34:11 Gillnets
35:18 Ballistics
Gary_zZ
5:12 Loom
13:38 Feudal Age
17:06 Castle Age
15:48 Double-Bit Axe
17:30 Fishing Lines
18:22 Bow Saw
24:45 Horse Collar
26:11 Stone Mining
28:20 Wheelbarrow
32:55 Imperial Age
31:19 Gold Mining
32:52 Ballistics
33:19 Heavy Scorpion
Connection lost

Rejoining the realm…

Still unreachable

The connection could not be restored.

Session expired

The server has moved on; the page needs a fresh start.